 Dungeon Crawl Stone Soup version 0.28.0-43-g3370ac3207 (webtiles) character file.

Game seed: 8723589914266138094

303 Peloso the Slasher (level 6, -4/56 HPs)
             Began as a Minotaur Fighter on Mar 27, 2022.
             Was an Initiate of Okawaru.
             Slain by an ogre
             ... wielding a +0 giant club
              (8 damage)
             ... on level 4 of the Dungeon.
             The game lasted 00:03:44 (3187 turns).

Peloso the Slasher (Minotaur Fighter)               Turns: 3187, Time: 00:03:45

Health: -4/56      AC: 12    Str: 20    XL:     6   Next: 15%
Magic:  5/5        EV:  5    Int:  5    God:    Okawaru [......]
Gold:   94         SH: 10    Dex: 12    Spells: 5/5 levels left

rFire   . . .      SeeInvis .   a - +0 long sword
rCold   . . .      Faith    .   c - +0 buckler
rNeg    . . .      Spirit   .   l - +0 plate armour
rPois   .          Reflect  +   (helmet restricted)
rElec   .          Harm     .   (no cloak)
rCorr   .          Rampage  .   (no gloves)
Will    .....                   (no boots)
Stlth   ..........              q - amulet of reflection
HPRegen 0.18/turn               (no ring)
MPRegen 0.09/turn               (no ring)

@: no status effects
A: horns 2, retaliatory headbutt
a: Renounce Religion


You were on level 4 of the Dungeon.
You worshipped Okawaru.
Okawaru was noncommittal.
You visited 1 branch of the dungeon, and saw 4 of its levels.

You collected 94 gold pieces.

Inventory:

Hand Weapons
 a - a +0 long sword (weapon)
Armour
 b - a +0 scale mail
 c - a +0 buckler (worn)
 l - a +0 plate armour (worn)
Jewellery
 i - an amulet of the acrobat
 n - a ring of fire
 q - an amulet of reflection (around neck)
Scrolls
 e - a scroll of holy word {unknown}
 f - a scroll of fear {unknown}
 m - a scroll of noise {unknown}
 o - a scroll of vulnerability {unknown}
 p - 2 scrolls of teleportation {unknown}
 r - a scroll of summoning {unknown}
Potions
 d - a potion of might
 g - a potion of lignification {unknown}
 h - 2 potions of curing {unknown}
 j - a potion of berserk rage {unknown}
 k - 2 potions of attraction {unknown}


   Skills:
 + Level 5.2 Fighting
 + Level 5.3 Long Blades
 + Level 4.5 Armour
 + Level 0.3 Dodging
 + Level 4.9 Shields


You had 5 spell levels left.
You didn't know any spells.
Your spell library was empty.

Dungeon Overview and Level Annotations

Branches:
Dungeon (4/15)
 Temple: D:4-7

Altars:
Okawaru


Innate Abilities, Weirdness & Mutations

You have a pair of horns on your head.
You reflexively headbutt those who attack you in melee.


Message History

You kill Edmund!
Okawaru is honoured by your kill.
Your Fighting skill increases to level 5!
Your Long Blades skill increases to level 5!
You have reached level 6!
Things that are here:
a +1 flail of holy wrath; a +0 leather armour; the human corpse of Edmund
Found a scroll labelled SECKYNW DOEH.
There is a stone staircase leading up here.
r - a scroll labelled SECKYNW DOEH You open the door.
Found 20 arrows.
There is an open door here.
Found 5 gold pieces.
You open the door.
There is an open door here.
You open the door.
An ogre comes into view. It is wielding a +0 giant club.
The ogre shouts!
You block the ogre's attack.
There is an open door here.
You barely miss the ogre. You headbutt the ogre.
The ogre is lightly wounded.
The ogre hits you with a +0 giant club.
You barely miss the ogre.
The ogre is lightly wounded.
You barely miss the ogre.
The ogre is lightly wounded.
The ogre hits you with a +0 giant club!!
You hit the ogre. You headbutt the ogre!
The ogre is severely wounded.
The ogre hits you with a +0 giant club!
* * * LOW HITPOINT WARNING * * *
You barely miss the ogre.
The ogre is severely wounded.
You block the ogre's attack.
You hit the ogre but do no damage.
The ogre is severely wounded.
The ogre hits you with a +0 giant club!
You die...

###### #####
.....############....#
.....#......#...#....#
.....'......#...#....#
.....#(.....'...@O...#
.....#####..#####.......
.........#..# .......
.........#..# .......
.##+#....+$.+ ####... .#
....#+## ## .# ...... .#
...... .# .


You could see an ogre.

Vanquished Creatures
  Edmund (D:4)
  An orc priest (D:4)
  Jessica (D:3)
  6 adders
  5 dart slugs
  A worm (D:3)
  3 orcs (D:4)
  7 endoplasms
  3 giant cockroaches
  8 goblins
  5 hobgoblins
  7 quokkas
  6 ball pythons
  5 bats
  3 frilled lizards
  5 kobolds
  A quokka skeleton (D:4)
  3 rats
71 creatures vanquished.

Notes
Turn   | Place    | Note
-------+----------+-------------------------------------------
     0 | D:1      | Peloso the Minotaur Fighter began the quest for the Orb.
     0 | D:1      | Reached XP level 1. HP: 19/19 MP: 0/0
   251 | D:1      | Reached XP level 2. HP: 16/27 MP: 1/1
   613 | D:1      | Reached XP level 3. HP: 27/33 MP: 2/2
  1501 | D:2      | Reached XP level 4. HP: 41/41 MP: 3/3
  1730 | D:2      | Found a faded altar of an unknown god.
  2500 | D:3      | Noticed Jessica
  2503 | D:3      | Killed Jessica
  2504 | D:3      | Reached XP level 5. HP: 46/47 MP: 4/4
  2599 | D:3      | Found an iron altar of Okawaru.
  2607 | D:3      | Became a worshipper of Warmaster Okawaru
  3139 | D:4      | Noticed Edmund
  3151 | D:4      | Killed Edmund
  3152 | D:4      | Reached skill level 5 in Fighting
  3152 | D:4      | Reached skill level 5 in Long Blades
  3152 | D:4      | Reached XP level 6. HP: 33/56 MP: 5/5
  3187 | D:4      | Slain by an ogre

Illustrated notes

Levels and vault maps discovered:
D:1:      lemuel_arrival_funnel, layout_loops_ring
D:2:      layout_basic, dreamdust_ecumenical_altar_angels_and_demons
D:3:      layout_loops_corners, kennysheep_okawaru_gauntlet,
          chequers_serial_rivers_large_a, kennysheep_jessica_study
D:4:      layout_gridville, hellmonk_ghost_happy_afterlife, enter_ossuary_5,
          uniq_edmund

Skill      XL: |  1  2  3  4  5 |
---------------+----------------+-----
Fighting       | 4 5 |  5.2
Armour         | 4 |  4.5
Shields        | 4 |  4.9
Long Blades    | 3 4 5 |  5.3
Dodging        | |  0.3

Action                   |  1- 3 |  4- 6 || total
-------------------------+-------+-------++-------
Melee: Long sword        |    87 |    83 ||   170
       Headbutt          |    12 |    12 ||    24
Armor: Scale mail        |    45 |     8 ||    53
       Plate armour      |       |    36 ||    36
Dodge: Dodged            |    48 |    27 ||    75
Block: Buckler           |    24 |    32 ||    56
